[Event "Early-Titled-Tuesday-Blitz-October-10-2023"]
[Site "Chess.com"]
[Date "2023.10.10"]
[Round "9"]
[White "Javylavilla"]
[Black "JiiHart"]
[Result "0-1"]
[WhiteElo "2361"]
[BlackElo "2196"]
[TimeControl "180+1"]
[EndTime "9:43:27 PDT"]
[Termination "JiiHart won by checkmate"]

1. e4 e5 2. Nf3 Nf6 3. Nxe5 d6 4. Nf3 Nxe4 5. d4 d5 6. Bd3 Bg4 7. h3 Bh5 8. O-O Nc6 9. c4 Nf6 10. cxd5 Nxd5 11. Re1+ Be7 12. Bg5 O-O 13. Bxe7 Ncxe7 14. Nc3 Nf6 15. Bc2 c6 16. Qd3 Bg6 17. Qd2 Bxc2 18. Qxc2 Ng6 19. Rad1 Re8 20. Ne5 Qa5 21. Nc4 Qg5 22.
Ne4 Nxe4 23. Rxe4 Nf4 24. Ne3 Rxe4 25. Qxe4 Nxh3+ 26. Kf1 Nf4 27. g3 Ne6 28. d5 cxd5 29. Rxd5 Qf6 30. Rd7 Nc5 31. Qe7 Nxd7 32. Qxd7 Rd8 33.
Qxb7 h5 34. Qxa7 Rd2 35. Nc4 Rc2 36. b3 Qf3 37. Qe3 Qh1# 0-1

[Event "Early-Titled-Tuesday-Blitz-October-10-2023"]
[Site "Chess.com"]
[Date "2023.10.10"]
[Round "9"]
[White "Sergey85Rodchenkov"]
[Black "meoluoi91"]
[Result "0-1"]
[WhiteElo "2497"]
[BlackElo "2602"]
[TimeControl "180+1"]
[EndTime "9:43:28 PDT"]
[Termination "meoluoi91 won on time"]

1. e4 c6 2. d4 d5 3. exd5 cxd5 4. Bd3 Nf6 5. h3 Qc7 6. c3 Nc6 7. Nf3 g6 8. Qc2 Bg7 9. O-O O-O 10. Re1 Bd7 11.
Nbd2 Rab8 12. a3 Rfe8 13. Nb3 b6 14. Bg5 Nh5 15. Qd2 f6 16. Be3 Bf8 17. g4 Ng7 18. Bf4 e5 19. Bh2 Bd6 20. Bb5 e4 21. Bxd6 Qxd6 22.
Nh2 h5 23. c4 Kh7 24. Rac1 Rbc8 25. cxd5 Qxd5 26. Bc4 Qd6 27. Kh1 f5 28. gxh5 Nxh5 29. Rg1 f4 30. Bf7 Bf5 31. Bxe8 Rxe8 32. Qc3 e3 33. f3 Bxh3 34. Rge1 Rc8 35. d5 Ne7 36. Qd4 Rd8 37. Qe4 Ng3+ 0-1

[Event "Early-Titled-Tuesday-Blitz-October-10-2023"]
[Site "Chess.com"]
[Date "2023.10.10"]
[Round "9"]
[White "MikaelyanArman"]
[Black "VincentKeymer"]
[Result "1-0"]
[WhiteElo "2865"]
[BlackElo "3083"]
[TimeControl "180+1"]
[EndTime "9:43:29 PDT"]
[Termination "MikaelyanArman won by resignation"]

1. d4 Nf6 2. c4 e6 3. Nc3 Bb4 4.
e3 O-O 5. Bd2 b6 6. Nf3 c5 7. Bd3 cxd4 8. exd4 d5 9. cxd5 Nxd5 10. O-O Bb7 11. Re1 Nd7 12. Qe2 Rc8 13. Rac1 Nxc3 14.
bxc3 Ba3 15. Rb1 Qc7 16. c4 Bd6 17. h3 Bf4 18. Bb4 Rfd8 19. a4 Nf6 20. a5 bxa5 21. Bc5 Ba6 22. g3 Bd6 23. Bxd6 Qxd6 24. Rec1 Qc7 25.
c5 Bb7 26. Ne5 Bd5 27. c6 Rb8 28. Ba6 a4 29. Qe1 a3 30. Rb7 Rxb7 31. cxb7 Qd6 32.
Qa5 Bxb7 33. Bxb7 Qxd4 34. Nc6 Rd5 35. Nxd4 Rxa5 36. Rc8+ 1-0

[Event "Early-Titled-Tuesday-Blitz-October-10-2023"]
[Site "Chess.com"]
[Date "2023.10.10"]
[Round "9"]
[White "viktorgen2021"]
[Black "kuanysh1981"]
[Result "0-1"]
[WhiteElo "2387"]
[BlackElo "2533"]
[TimeControl "180+1"]
[EndTime "9:43:31 PDT"]
[Termination "kuanysh1981 won by checkmate"]

1. d4 Nf6 2. c4 e6 3. Nf3 d5 4. g3 dxc4 5. Qa4+ Bd7 6. Qxc4 Bc6 7.
Bg2 Nbd7 8. O-O Bd6 9. Nc3 Nb6 10. Qd3 Nbd5 11. Nxd5 Bxd5 12. Bg5 Be7 13. Bxf6 Bxf6 14. e4 Bc6 15. Rfd1 O-O 16. Rac1 Rc8 17. h4 h6 18. Bh3 Bd7 19. Bg2 a6 20. b3 g6 21. Qe3 Bg7 22. h5 g5 23. Ne5 Be8 24. Ng4 Qe7 25. e5 c6 26. Rc3 Rd8 27. Be4 f5 28. exf6 Bxf6 29.
Nxh6+ Kg7 30. Ng4 Bxh5 31. f3 Bxg4 32. fxg4 Rh8 33. Bb1 Qd6 34. Qe4 Rh6 35. Rf3 Rdh8 36. Rff1 Qxg3+ 37. Qg2 Rh1# 0-1

[Event "Early-Titled-Tuesday-Blitz-October-10-2023"]
[Site "Chess.com"]
[Date "2023.10.10"]
[Round "9"]
[White "Harry_Rakkel"]
[Black "Man-Chuk"]
[Result "1-0"]
[WhiteElo "2659"]
[BlackElo "2752"]
[TimeControl "180+1"]
[EndTime "9:43:34 PDT"]
[Termination "Harry_Rakkel won by resignation"]

1. e4 c5 2. Nf3 d6 3. d4 cxd4 4. Nxd4 Nf6 5. Nc3 a6 6. Be3 e6 7.
Be2 Be7 8. O-O O-O 9. a4 Nc6 10.
f4 Qc7 11. Kh1 Bd7 12. Qe1 Rfd8 13. Rd1 Nxd4 14. Bxd4 Bc6 15. Bd3 e5 16. Be3 Ng4 17. Bc4 Rf8 18. Bb3 Nxe3 19. Qxe3 exf4 20. Qxf4 Bf6 21. Nd5 Bxd5 22. Rxd5 Bxb2 23. Rf5 Kh8 24.
Bxf7 Be5 25. Qh4 h6 26. c4 Qd8 27. Qh5 Qe7 28. h4 Rac8 29. g4 Bf6 30. Bd5 Be5 31.
Rf7 Rxf7 32. Rxf7 Qd7 33. Rxd7 1-0

[Event "Early-Titled-Tuesday-Blitz-October-10-2023"]
[Site "Chess.com"]
[Date "2023.10.10"]
[Round "9"]
[White "azikom"]
[Black "Smiechu"]
[Result "1-0"]
[WhiteElo "2593"]
[BlackElo "2491"]
[TimeControl "180+1"]
[EndTime "9:43:34 PDT"]
[Termination "azikom won by checkmate"]

1. c4 Nf6 2. Nc3 c5 3. g3 Nc6 4. Bg2 g6 5. d3 Bg7 6. a3 O-O 7. Rb1 a5 8. Nh3 d6 9. Nf4 Nd4 10. O-O Rb8 11. e3 Ne6 12. Nxe6 Bxe6 13. b4 axb4 14. axb4 cxb4 15. Rxb4 d5 16. Qb3 dxc4 17.
dxc4 Ng4 18. Nd5 Ne5 19. Bb2 Qd7 20. Rd1 Bxd5 21. Rxd5 Qf5 22. h3 e6 23. e4 Qh5 24.
Rdb5 Rfd8 25. Bxe5 Bxe5 26. Kh2 Rd2 27. Qe3 Re2 28. Qa7 Rd8 29. Rxb7 Bxg3+ 30. fxg3 Rxg2+ 31. Kxg2 Qe2+ 32. Qf2 Qxe4+ 33. Kh2 Rd1 34. Qxf7+ Kh8 35. Qg7# 1-0

[Event "Early-Titled-Tuesday-Blitz-October-10-2023"]
[Site "Chess.com"]
[Date "2023.10.10"]
[Round "9"]
[White "DenLaz"]
[Black "SALVA-DALI"]
[Result "1-0"]
[WhiteElo "3058"]
[BlackElo "2765"]
[TimeControl "180+1"]
[EndTime "9:43:37 PDT"]
[Termination "DenLaz won by resignation"]

1. d4 c5 2. d5 d6 3. c4 Nf6 4.
Nc3 g6 5. e4 Bg7 6. h3 O-O 7.
Nf3 e6 8. Bd3 exd5 9. cxd5 a6 10. a4 Nbd7 11. O-O Nh5 12. Bg5 Qb6 13. Qd2 Ne5 14. Be2 Nxf3+ 15. Bxf3 Nf6 16. a5 Qc7 17. e5 Nd7 18. exd6 Qxd6 19. Ne4 Qe5 20. Rab1 Qd4 21.
Qe2 Ne5 22. Rfd1 Nxf3+ 23. Qxf3 Qb4 24. Bd2 Qb5 25. Nf6+ Kh8 26. Bc3 Bf5 27. Rbc1 c4 28.
Qf4 Rad8 29. Qh4 h6 30. Ng4 h5 31. Nf6 Rd6 32. g4 Bd3 33. gxh5 g5 34. Qxg5 Rxf6 35. Bxf6 Rg8 36. Qh6+ Bh7 37. Kh2 Qc5 38. Bxg7+ Rxg7 39. Qf6 Kg8 40. Rg1 1-0

[Event "Early-Titled-Tuesday-Blitz-October-10-2023"]
[Site "Chess.com"]
[Date "2023.10.10"]
[Round "9"]
[White "CSB7"]
[Black "Zq1"]
[Result "0-1"]
[WhiteElo "2732"]
[BlackElo "2533"]
[TimeControl "180+1"]
[EndTime "9:43:38 PDT"]
[Termination "Zq1 won by resignation"]

1. e4 c5 2. Nf3 d6 3. d4 cxd4 4. Nxd4 Nf6 5. Nc3 Nc6 6. Nd5 e6 7. Nxf6+ gxf6 8. Be3 a6 9. Nxc6 bxc6 10. Qh5 a5 11.
O-O-O a4 12. Bd2 a3 13. b3 Qb6 14. Qf3 Be7 15. Bc3 e5 16. Bc4 Be6 17. Bxe6 fxe6 18. Rd3 d5 19. Qh5+ Kd7 20. f4 exf4 21. Qg4 Rhg8 22.
Qxf4 Rxg2 23. Rhd1 Qf2 24. Qxf2 Rxf2 25. exd5 cxd5 26.
R3d2 Rxd2 27. Bxd2 Rg8 28. Bf4 e5 29. Bg3 Ke6 30.
c3 h5 31. Kc2 f5 32. c4 d4 33. Kd3 h4 34. Bxh4 Bxh4 0-1

[Event "Early-Titled-Tuesday-Blitz-October-10-2023"]
[Site "Chess.com"]
[Date "2023.10.10"]
[Round "9"]
[White "vladgoncharov"]
[Black "LaPiToB"]
[Result "1-0"]
[WhiteElo "2525"]
[BlackElo "2314"]
[TimeControl "180+1"]
[EndTime "9:43:38 PDT"]
[Termination "vladgoncharov won by resignation"]

1. d4 Nf6 2. c4 e6 3. Nf3 d5 4.
Nc3 c5 5. cxd5 Nxd5 6. e4 Nxc3 7.
bxc3 cxd4 8. cxd4 Bb4+ 9. Bd2 Bxd2+ 10. Qxd2 O-O 11. Rc1 b6 12. Bd3 Bb7 13. O-O Nc6 14.
Qe3 h6 15. Bb5 Ne7 16. Ne5 a6 17. Ba4 b5 18. Bb3 Qd6 19. f4 Rac8 20. Rcd1 b4 21. Nc4 Qc6 22. Rfe1 Rfd8 23. f5 exf5 24. d5 Qg6 25.
Qa7 Rd7 26. Nb6 Rdc7 27. Nxc8 Nxc8 28. Qe3 fxe4 29. Qxe4 Qg5 30. Qe5 Qd8 31. d6 Rd7 32. Qe8+ Qxe8 33. Rxe8+ Kh7 34. Re3 Rxd6 35. Rxd6 Nxd6 36.
Re7 Kg6 37. Rd7 1-0

[Event "Early-Titled-Tuesday-Blitz-October-10-2023"]
[Site "Chess.com"]
[Date "2023.10.10"]
[Round "9"]
[White "Eloist"]
[Black "AnaKuchava"]
[Result "1-0"]
[WhiteElo "2440"]
[BlackElo "2250"]
[TimeControl "180+1"]
[EndTime "9:43:38 PDT"]
[Termination "Eloist won on time"]

1. e4 c5 2. Nf3 d6 3. Bb5+ Bd7 4. Bxd7+ Qxd7 5. c4 Nc6 6. d4 cxd4 7. Nxd4 Nf6 8.
Nc3 g6 9. f3 Bg7 10. Be3 a6 11. O-O O-O 12. Qd3 Ne5 13. Qe2 Rac8 14. b3 b5 15. Nd5 Nxd5 16. cxd5 Bf6 17. h3 Qb7 18.
Rac1 Rxc1 19. Rxc1 Rc8 20. Rxc8+ Qxc8 21. f4 Nd7 22. Nc6 Nb8 23. e5 dxe5 24. fxe5 Bh4 25. Qc2 Nxc6 26. Qxc6 Qf5 27. Bd4 Bg3 28. Qe8+ Kg7 29.
e6+ Kh6 30. Qf8+ Kh5 31. Qxf7 Qb1+ 32. Qf1 Bh2+ 33. Kf2 Qxf1+ 34. Kxf1 1-0

[Event "Early-Titled-Tuesday-Blitz-October-10-2023"]
[Site "Chess.com"]
[Date "2023.10.10"]
[Round "9"]
[White "Lion-Al-Messi"]
[Black "scarabee43"]
[Result "1-0"]
[WhiteElo "2635"]
[BlackElo "2770"]
[TimeControl "180+1"]
[EndTime "9:43:39 PDT"]
[Termination "Lion-Al-Messi won by checkmate"]

1. e4 c5 2. Nf3 e6 3. d4 cxd4 4. Nxd4 Nc6 5. Nc3 Qc7 6. Be3 a6 7. Qd2 Nf6 8. O-O-O Be7 9. f3 b5 10. Nxc6 Qxc6 11. e5 b4 12. Ne4 Nxe4 13. fxe4 Qxe4 14.
Bd3 Qxe5 15. Bf4 Qa5 16. Kb1 O-O 17. Rhe1 Bb7 18. Re5 Bd5 19. b3 Bf6 20. Rh5 g6 21. Be5 Bxe5 22. Qh6 Rfc8 23. Qxh7+ Kf8 24. Rxe5 Qc5 25.
Rf1 Ke7 26. Rxf7+ Kd6 27. Rxd7+ Kc6 28. Rdxd5 exd5 29. Re6+ Qd6 30. Rxd6+ Kxd6 31. Qxg6+ Kc5 32. h4 a5 33. Qe6 a4 34. Qe7+ Kc6 35. Qxb4 a3 36.
Bb5+ Kc7 37. Qc5+ Kb7 38. Qxd5+ Kb6 39. c4 Rf8 40. Qd6+ Kb7 41. Bc6+ Kc8 42. Qd7+ Kb8 43. Qb7# 1-0

[Event "Early-Titled-Tuesday-Blitz-October-10-2023"]
[Site "Chess.com"]
[Date "2023.10.10"]
[Round "9"]
[White "ViktoriyaTarasova"]
[Black "Roman_Ovetchkin"]
[Result "0-1"]
[WhiteElo "2398"]
[BlackElo "2700"]
[TimeControl "180+1"]
[EndTime "9:43:40 PDT"]
[Termination "Roman_Ovetchkin won on time"]

1. d4 Nf6 2. c4 c5 3. d5 b5 4. cxb5 a6 5. bxa6 g6 6. Nc3 Bg7 7. Nf3 O-O 8. e4 Qa5 9. Bd2 Bxa6 10. Be2 Bxe2 11. Qxe2 Qa6 12. Qxa6 Nxa6 13. Ke2 Rfb8 14. b3 d6 15. Rhb1 Nb4 16. a4 Nc2 17. Ra2 Nd4+ 18.
Kd3 Rxb3 19. Rxb3 Nxb3 20. Be3 Ng4 21. Nb5 Nxe3 22. Ra3 Na5 23. fxe3 Kf8 24. h3 h6 25.
Nd2 f5 26. Nc4 fxe4+ 27. Kxe4 Nxc4 0-1

[Event "Early-Titled-Tuesday-Blitz-October-10-2023"]
[Site "Chess.com"]
[Date "2023.10.10"]
[Round "9"]
[White "ArtemDyachuk"]
[Black "Rsnr"]
[Result "0-1"]
[WhiteElo "2687"]
[BlackElo "2859"]
[TimeControl "180+1"]
[EndTime "9:43:41 PDT"]
[Termination "Rsnr won on time"]

1. e4 c6 2. d4 d5 3. e5 Bf5 4.
Nf3 e6 5. Be2 c5 6. Be3 Qb6 7. Nc3 Nc6 8. dxc5 Bxc5 9. Bxc5 Qxc5 10. Nb5 Nge7 11. Nc7+ Kd7 12. Nxa8 Rxa8 13. O-O Qxc2 14.
Qe1 Qxb2 15. a4 Rc8 16. Bb5 a6 17. Bxc6+ Nxc6 18. Qe3 h6 19. Ra3 Na5 20. Raa1 Qc3 21. Qb6 Qc5 22. Qb2 Qc3 23. Qb6 Rc6 24. Qa7 Qc5 25.
Qxc5 Rxc5 26. Nd4 Bd3 27. Rfd1 Bg6 28. Ra3 Rc4 29. h4 Nc6 30. Nb3 Nxe5 31. Na5 Rc7 32. Rg3 h5 33. Rg5 Nc6 34. Nc4 Ke7 35. Nb6 Nb4 36. Rd4 a5 37. f4 Rc6 38. f5 Bxf5 39.
Na8 g6 40. Kh2 Kd8 41. g4 Bxg4 42. Rf4 Bf5 43. Rg3 Ra6 0-1

[Event "Early-Titled-Tuesday-Blitz-October-10-2023"]
[Site "Chess.com"]
[Date "2023.10.10"]
[Round "9"]
[White "Beca95"]
[Black "Byniolus"]
[Result "1-0"]
[WhiteElo "2886"]
[BlackElo "2728"]
[TimeControl "180+1"]
[EndTime "9:43:41 PDT"]
[Termination "Beca95 won by resignation"]

1. e4 d6 2. Nc3 Nf6 3. f4 d5 4. e5 d4 5. exf6 dxc3 6. fxg7 cxd2+ 7. Bxd2 Bxg7 8. c3 c6 9. Qc2 Qa5 10. Bd3 h5 11. Nf3 Nd7 12. O-O h4 13. h3 Qh5 14.
b4 Nb6 15. Rae1 Rg8 16. Ng5 Bd7 17. a4 a5 18. bxa5 Nd5 19. c4 Nc7 20. Be2 Qh8 21. Kh1 Ne6 22. Bg4 Nd4 23. Bxd7+ Kxd7 24. Qd3 Ke8 25.
c5 Rd8 26. Qc4 e6 27. a6 bxa6 28. Qxa6 Bf6 29. Bc3 Nf5 30. Qxc6+ Kf8 31. Bxf6 Qxf6 32. Nh7+ 1-0

[Event "Early-Titled-Tuesday-Blitz-October-10-2023"]
[Site "Chess.com"]
[Date "2023.10.10"]
[Round "9"]
[White "Mr_ruthless"]
[Black "Likvidator228"]
[Result "0-1"]
[WhiteElo "2460"]
[BlackElo "2571"]
[TimeControl "180+1"]
[EndTime "9:43:41 PDT"]
[Termination "Likvidator228 won on time"]

1. e4 e5 2. Nf3 d6 3. d4 Nd7 4. Nc3 Ngf6 5. Bc4 h6 6. dxe5 dxe5 7. Nxe5 Nxe5 8. Qe2 Nxc4 9. Qxc4 c6 10. Be3 Be6 11.
Qa4 Be7 12. O-O O-O 13. Rad1 Qc7 14. h3 b5 15. Qa6 b4 16. Na4 Nxe4 17. Qe2 Bd5 18.
Qg4 f5 19. Qh5 Kh7 20. c4 bxc3 21. Nxc3 Nxc3 22. bxc3 f4 23. Bd4 Bf6 24. Bc5 Rf7 25. Bd6 Qxd6 26. Qxf7 Qc5 27. Qd7 Qxc3 28. Qf5+ Kh8 29.
Qxf4 Re8 30. Rc1 Qb2 31. a4 Bg5 32. Rb1 Qxb1 0-1

[Event "Early-Titled-Tuesday-Blitz-October-10-2023"]
[Site "Chess.com"]
[Date "2023.10.10"]
[Round "9"]
[White "parintele_chess"]
[Black "wannabe2700"]
[Result "0-1"]
[WhiteElo "2274"]
[BlackElo "2647"]
[TimeControl "180+1"]
[EndTime "9:43:43 PDT"]
[Termination "wannabe2700 won by resignation"]

1. d4 Nf6 2. Bf4 Ne4 3. f3 g5 4. Bc1 d5 5. fxe4 dxe4 6. Bxg5 Bg7 7. Be3 c5 8. c3 Qb6 9. Qb3 Qg6 10. Nh3 O-O 11.
Nf4 Qf5 12. g3 Nc6 13. Bh3 Qf6 14. Bxc8 Raxc8 15. O-O cxd4 16. Nh5 Qg6 17. Nxg7 dxe3 18. Nf5 Kh8 19. Na3 Qg5 20. c4 e6 21. Qc3+ f6 22. Qxe3 exf5 23. Qxg5 fxg5 24. Nb5 Rcd8 25. Rad1 a6 26.
Nd6 Ne5 27. b3 e3 28. Nxb7 Rxd1 29. Rxd1 f4 30. Rd5 Ng4 31. Rxg5 f3 32. Kf1 Nxh2+ 33. Kg1 f2+ 34. Kxh2 f1=Q 0-1

[Event "Early-Titled-Tuesday-Blitz-October-10-2023"]
[Site "Chess.com"]
[Date "2023.10.10"]
[Round "9"]
[White "Better_Chess_Faster"]
[Black "NowInChess"]
[Result "0-1"]
[WhiteElo "2066"]
[BlackElo "2225"]
[TimeControl "180+1"]
[EndTime "9:43:44 PDT"]
[Termination "NowInChess won by checkmate"]

1. e4 e6 2. d4 d5 3. Nc3 Nc6 4. Nf3 Nf6 5. e5 Ne4 6. Bd3 Bb4 7. O-O Nxc3 8. bxc3 Bxc3 9. Rb1 h6 10. Be3 a5 11. Rb3 Bb4 12. c3 Be7 13. Qd2 a4 14.
Rbb1 Na5 15. Qe2 Bd7 16. Nd2 Bc6 17. f4 g6 18. c4 dxc4 19. Nxc4 Nxc4 20. Bxc4 Bd5 21.
Bb5+ c6 22. Bd3 Qd7 23. Rb6 Bd8 24. Rb2 b5 25. Rc2 Be7 26. Bd2 b4 27. Bc4 Kf8 28.
Bxd5 Qxd5 29. Be3 Kg7 30. Rfc1 Rhc8 31. g4 b3 32. axb3 axb3 33. Rc3 Ra2 34. Qf1 b2 35. Rb1 Rca8 36. Rc2 Qb3 37. Qd1 Qxe3+ 38. Kh1 Qe4+ 39. Rg2 Ra1 40. f5 Rxb1 41. f6+ Bxf6 42. exf6+ Kxf6 43. Qf1+ Rxf1# 0-1

[Event "Early-Titled-Tuesday-Blitz-October-10-2023"]
[Site "Chess.com"]
[Date "2023.10.10"]
[Round "9"]
[White "maracayo"]
[Black "Actuary44"]
[Result "0-1"]
[WhiteElo "2373"]
[BlackElo "2522"]
[TimeControl "180+1"]
[EndTime "9:43:46 PDT"]
[Termination "Actuary44 won by resignation"]

1. e4 b6 2. Nf3 Bb7 3. d3 e6 4. Nbd2 Nf6 5. Be2 d5 6. exd5 Nxd5 7. O-O Be7 8. Re1 O-O 9. Bf1 c5 10. a3 Nc6 11. Nc4 Qc7 12. c3 Rad8 13. Qc2 h6 14. a4 Nf4 15. g3 Nd5 16. Bd2 Nf6 17. Bf4 Qc8 18. Bg2 Nd5 19. Bd2 Bf6 20. a5 b5 21.
Nce5 a6 22. Ng4 Be7 23. h4 f6 24. d4 f5 25. Nge5 Nxe5 26. Nxe5 cxd4 27. Ng6 Rfe8 28. Qc1 dxc3 29. bxc3 Bf6 30. Ne5 Qc7 31. f4 Bxe5 32. Rxe5 Nf6 33. Qe1 Bxg2 34. Kxg2 Qc6+ 35. Kh3 Ne4 36. Be3 Rd3 37. Qe2 Qxc3 38. Re1 Qxa5 39. Qxd3 Qxe1 40. Kg2 0-1

[Event "Early-Titled-Tuesday-Blitz-October-10-2023"]
[Site "Chess.com"]
[Date "2023.10.10"]
[Round "9"]
[White "Radislav_Atanasov"]
[Black "Darko-Dimitrijevic"]
[Result "1-0"]
[WhiteElo "2290"]
[BlackElo "2117"]
[TimeControl "180+1"]
[EndTime "9:43:47 PDT"]
[Termination "Radislav_Atanasov won by resignation"]

1. e4 c5 2. c3 d6 3. d4 Nd7 4. Nf3 Qc7 5. Bd3 g6 6. O-O Bg7 7. Re1 e6 8. Nbd2 Ne7 9. Nf1 O-O 10. Bg5 Nc6 11. Rc1 a6 12. Bb1 b5 13. Qd2 Re8 14.
Bh6 Bh8 15. h4 Bb7 16. h5 Nf6 17. hxg6 hxg6 18. Qf4 e5 19. dxe5 Nxe5 20. Rcd1 Bg7 21. Bxg7 Kxg7 22. Ne3 Rh8 23. Qg3 Kf8 24. Nxe5 dxe5 25. Nd5 Bxd5 26. exd5 Qd6 27. Qxe5 Qxe5 28. Rxe5 Kg7 29. d6 Rhd8 30. Rxc5 Rd7 31. Rc7 Rxc7 32. dxc7 Rc8 33. Rd6 a5 34. Rc6 Kf8 35. Rxf6 Ke7 36.
Rc6 Kd7 37. Be4 b4 38. cxb4 axb4 39. a4 f5 40. Bd5 g5 41. Kf1 Rxc7 42. Rxc7+ Kxc7 43. Be6 f4 44. b3 Kb6 45. Bc4 Kc5 46. Ke2 Kd4 47. a5 Kc5 48. a6 Kc6 49. Kd3 Kb6 50.
Kd4 1-0

[Event "Early-Titled-Tuesday-Blitz-October-10-2023"]
[Site "Chess.com"]
[Date "2023.10.10"]
[Round "9"]
[White "ivana_999"]
[Black "Grossboss19"]
[Result "0-1"]
[WhiteElo "2097"]
[BlackElo "2520"]
[TimeControl "180+1"]
[EndTime "9:43:49 PDT"]
[Termination "Grossboss19 won on time"]

1. d4 d6 2. c4 c5 3. d5 g6 4. Nc3 Bg7 5. e4 Na6 6. f4 Nc7 7. Nf3 e6 8. a4 Ne7 9. Be2 O-O 10. O-O Kh8 11. Be3 f5 12. e5 b6 13.
dxe6 dxe5 14. Nxe5 Bxe5 15. fxe5 Qxd1 16. Raxd1 Nxe6 17. Nd5 Nc6 18. Bh6 Rd8 19. Bf3 Nxe5 20. Nc7 Nxf3+ 21.
gxf3 Rb8 22. Rxd8+ Nxd8 23. Re1 Bd7 24. Re7 Bc6 25.
Ne6 Nxe6 26. Rxe6 Bxa4 27. Re7 a5 28. Bg7+ Kg8 29. Bc3 Rd8 30. Rg7+ Kf8 31. Rxh7 Rd1+ 32. Kg2 Bb3 33. Rh8+ Kf7 34. Rh7+ Ke6 0-1

[Event "Early-Titled-Tuesday-Blitz-October-10-2023"]
[Site "Chess.com"]
[Date "2023.10.10"]
[Round "9"]
[White "BlueWizzard"]
[Black "LeninGuerra"]
[Result "1-0"]
[WhiteElo "2920"]
[BlackElo "2606"]
[TimeControl "180+1"]
[EndTime "9:43:51 PDT"]
[Termination "BlueWizzard won on time"]

1. d4 Nf6 2. Nc3 e6 3. Bg5 c5 4. Nf3 Nc6 5. d5 exd5 6. Bxf6 Qxf6 7. Nxd5 Qd8 8. e4 Bd6 9. Bc4 O-O 10. O-O Ne5 11. Bb3 b5 12. Nxe5 Bxe5 13. c3 Bb7 14. f4 Bb8 15. Qh5 c4 16. Bc2 f5 17. exf5 Qe8 18. Ne7+ Qxe7 19. f6 Qe3+ 20. Kh1 Rxf6 21. Rae1 Qxe1 22. Bxh7+ Kf8 23. Rxe1 Bxf4 24. Be4 Re8 25.
Qh8+ Kf7 26. Bd5+ Ree6 27. Qh5+ Kf8 28. g3 Rxe1+ 29. Kg2 Re5 30. Qh8+ Ke7 31. Bxb7 Bg5 32. Bf3 Rf7 33. Qh5 Bf6 34. Qg6 Kf8 35. Bh5 1-0

[Event "Early-Titled-Tuesday-Blitz-October-10-2023"]
[Site "Chess.com"]
[Date "2023.10.10"]
[Round "9"]
[White "Korchmar_Vasiliy"]
[Black "NovozhilovSemen"]
[Result "1-0"]
[WhiteElo "2749"]
[BlackElo "2625"]
[TimeControl "180+1"]
[EndTime "9:43:53 PDT"]
[Termination "Korchmar_Vasiliy won by resignation"]

1. e4 c5 2. d4 cxd4 3. Qxd4 Nc6 4. Qd3 g6 5. Nc3 Bg7 6. Nf3 d6 7. Be2 Nf6 8. O-O O-O 9. Nd5 Nd7 10. c3 e6 11. Ne3 Nc5 12. Qc2 Qc7 13. Rd1 Rd8 14.
b4 Nd7 15. a3 b6 16. Bb2 Bb7 17. c4 Nde5 18. Nxe5 dxe5 19. Nd5 Qc8 20. b5 exd5 21.
bxc6 Qxc6 22. exd5 Qd6 23. a4 Rac8 24. Qb3 Ba6 25. a5 Bb7 26. Ba3 Qc7 27. Rab1 Ba6 28. axb6 axb6 29. Qxb6 Qxb6 30. Rxb6 Bxc4 31. Bxc4 Rxc4 32.
Be7 Ra8 33. d6 Bf8 34. Bf6 Rd4 35. Rbb1 Bxd6 36. Rxd4 exd4 37. Bxd4 f5 38. g3 Ra4 39. Bc3 Rc4 40. Bf6 Kf7 41. Bg5 Rc7 42. Kg2 Be7 43. Bf4 Rb7 44. Rxb7 1-0

[Event "Early-Titled-Tuesday-Blitz-October-10-2023"]
[Site "Chess.com"]
[Date "2023.10.10"]
[Round "9"]
[White "LeoWin2012"]
[Black "Politov_Pavel"]
[Result "1-0"]
[WhiteElo "2310"]
[BlackElo "2076"]
[TimeControl "180+1"]
[EndTime "9:43:53 PDT"]
[Termination "LeoWin2012 won on time"]

1. e4 c5 2. Nf3 d6 3. d4 cxd4 4. Nxd4 Nf6 5. Nc3 a6 6. Be3 e5 7. Nb3 Be7 8. f3 Be6 9. Qd2 O-O 10. g4 d5 11. exd5 Nxd5 12. Nxd5 Qxd5 13. Qg2 Bh4+ 14. Bf2 Bxf2+ 15. Qxf2 Bxg4 16. Be2 Bf5 17. Bf1 e4 18. Rg1 exf3 19. Qd4 Qxd4 20. Nxd4 Bg6 21. Nxf3 Bxc2 22.
Bc4 Nd7 23. Ng5 Bg6 24. O-O-O Ne5 25. Bd5 Rac8+ 26. Kd2 Rc2+ 27. Ke3 Rxb2 28. Ne4 Bxe4 29. Kxe4 Ng6 30. Rb1 Rxb1 31. Rxb1 b5 32. Bb7 Re8+ 33. Kf3 Ne5+ 34. Kg2 Re6 35. Rc1 g6 36. Rc8+ Kg7 37. Ra8 b4 38. Bxa6 Nc6 39. Bc4 Re7 40. Rc8 Na5 41.
Bd5 Rd7 42. Rc5 Nb7 43. Rb5 Nd6 44. Rxb4 Nf5 45. Bb3 Ne3+ 46. Kf3 Nf5 47. Kg2 Rd2+ 48. Kh3 Rd3+ 49. Kg2 Rd2+ 50. Kg1 g5 51. a4 Nd6 52.
a5 Rb2 53. a6 Rd2 54. a7 Nb5 55. Rxb5 1-0

[Event "Early-Titled-Tuesday-Blitz-October-10-2023"]
[Site "Chess.com"]
[Date "2023.10.10"]
[Round "9"]
[White "HrvojeZagreb"]
[Black "GradualismUnleashed"]
[Result "1-0"]
[WhiteElo "2354"]
[BlackElo "2559"]
[TimeControl "180+1"]
[EndTime "9:43:55 PDT"]
[Termination "HrvojeZagreb won by checkmate"]

1. d4 Nf6 2. Bf4 d5 3. e3 c5 4. Nc3 a6 5. dxc5 e6 6. Na4 Nfd7 7. c3 Nxc5 8. Nf3 Bd7 9. Nxc5 Bxc5 10. Bd3 O-O 11. Bxh7+ Kxh7 12. Ng5+ Kg8 13. Qh5 Qxg5 14.
Qxg5 Bb5 15. h4 Nc6 16. h5 f6 17. Qg4 f5 18. Qg3 Rae8 19. Bd6 f4 20. Bxf4 e5 21. Bg5 e4 22. h6 Rf7 23. Bf4 Bd3 24. Bd6 Bb6 25.
O-O-O Re6 26. Rh5 g6 27. Rxd5 Bc4 28. R5d2 Bxa2 29. b4 Bc4 30. Bc5 Bc7 31. Qh3 Ne5 32.
Rd4 Re8 33. Rxe4 Nd3+ 34. Rxd3 Rxe4 35. Rd7 Re8 36. Rxf7 Bxf7 37. Qd7 Be5 38. Bd4 Bxd4 39. cxd4 Rf8 40. g4 Kh7 41. g5 b5 42. d5 Kg8 43. e4 Re8 44. f3 Rf8 45. e5 Bxd5 46.
Qg7# 1-0

[Event "Early-Titled-Tuesday-Blitz-October-10-2023"]
[Site "Chess.com"]
[Date "2023.10.10"]
[Round "9"]
[White "Kirill_Klukin"]
[Black "dosto07"]
[Result "1-0"]
[WhiteElo "2659"]
[BlackElo "2509"]
[TimeControl "180+1"]
[EndTime "9:43:55 PDT"]
[Termination "Kirill_Klukin won by resignation"]

1. d4 d5 2. c4 dxc4 3. Nf3 Nf6 4. e3 e6 5. Bxc4 a6 6. O-O c5 7. b3 Nc6 8. Bb2 cxd4 9. Nxd4 Bd7 10. Nd2 Nxd4 11. Bxd4 Be7 12. Be2 Bc6 13. Bf3 Bxf3 14. Nxf3 O-O 15. Qe2 Rc8 16. Rfd1 Qa5 17. Rac1 Ne4 18. h3 h6 19. Rc2 Rxc2 20. Qxc2 Nd6 21. b4 Qb5 22. Bc5 Rc8 23. Qd3 Rd8 24. Qb3 b6 25. a4 Qe8 26. Bxb6 Rc8 27. Bc5 Ne4 28. Bxe7 Qxe7 29. b5 axb5 30. axb5 Qc5 31. Nd4 Qb6 32. Qd3 Nc5 33. Qc2 Rd8 34. Rc1 Rd5 35. Qc4 Rg5 36.
Nf3 Rh5 37. g4 Rxh3 38. Qxc5 Qxc5 39. Rxc5 Rxf3 40. b6 e5 41. b7 Rf6 42. b8=Q+ Kh7 43. Qxe5 Re6 44. Qf5+ 1-0

[Event "Early-Titled-Tuesday-Blitz-October-10-2023"]
[Site "Chess.com"]
[Date "2023.10.10"]
[Round "9"]
[White "Casper"]
[Black "IngOscarArdila"]
[Result "1-0"]
[WhiteElo "2440"]
[BlackElo "2318"]
[TimeControl "180+1"]
[EndTime "9:43:55 PDT"]
[Termination "Casper won by resignation"]

1. e4 e5 2. d4 exd4 3. Qxd4 Nc6 4. Qe3 Nf6 5. Nc3 Bb4 6. Bd2 d6 7. O-O-O Qe7 8. f3 Bd7 9. Nge2 O-O-O 10. Nf4 Bc5 11.
Qd3 Ne5 12. Qe2 Bc6 13. Be3 Bb6 14. Bxb6 axb6 15. Nb5 Kb8 16. Nd4 Bd7 17. Qe3 g5 18. Nd5 Nxd5 19. exd5 f5 20. Qa3 c5 21. Nb5 Bxb5 22. Bxb5 f4 23. Rhe1 Kc7 24. Re4 Ra8 25. Qb3 Qf6 26. a4 h5 27. Qc3 Rhd8 28. Rde1 g4 29. Qd2 Rf8 30. fxg4 hxg4 31. Rf1 f3 32. gxf3 gxf3 33. Qe3 Rf7 34. b4 Raf8 35. a5 Rh7 36.
axb6+ Kxb6 37. bxc5+ dxc5 38. Rxe5 Qf4 39. Qxf4 Rxf4 40.
Be2 Rhf7 41. Bd1 f2 42. Re6+ Kb5 43. Be2+ Kb4 44. Kd2 c4 45. Rb1+ Kc5 46. d6 b5 47.
Ke3 b4 48. d7 Rd4 49. Re5+ Kd6 50. Kxd4 1-0